 Dungeon Crawl Stone Soup version 0.18.1-5-g4a78601 (webtiles) character file.

121 Mefis the Magician (level 4, -5/24 HPs)
             Began as a Deep Elf Wizard on May 9, 2016.
             Killed by nerve-wracking pain
             ... invoked by an orc priest
              (8 damage)
             ... on level 2 of the Dungeon.
             The game lasted 00:05:48 (2320 turns).

Mefis the Magician (Deep Elf Wizard)                Turns: 2320, Time: 00:05:49

Health: -5/24      AC:  2    Str:  4    XL:     4   Next: 77%
Magic:  1/13       EV: 13    Int: 24    God:
Gold:   65         SH:  0    Dex: 13    Spells: 6 memorised, 1 level left

rFire  . . .     SeeInvis .     m - +2 dagger (elec)
rCold  . . .     Gourm    .     a - +0 robe
rNeg   . . .     Faith    .     (no shield)
rPois  .         Spirit   .     b - +0 hat
rElec  .         Dismiss  .     (no cloak)
rCorr  .         Reflect  .     (no gloves)
SustAt .         Harm     .     (no boots)
MR     .....                    (no amulet)
Stlth  ++........               (no ring)
                                (no ring)

@: very slightly contaminated, repel missiles, not resistant to hostile
enchantments, unstealthy
A: no striking features
a: no special abilities


You were on level 2 of the Dungeon.
You were not hungry.

You visited 1 branch of the dungeon, and saw 3 of its levels.

You collected 65 gold pieces.

Inventory:

Hand Weapons
 e - a +0 dagger
 m - a +2 dagger of electrocution (weapon)
 t - a +2 dagger of venom
Missiles
 f - 73 sling bullets
 o - 23 arrows
Armour
 a - a +0 robe (worn)
 b - a +0 hat (worn)
Scrolls
 j - a scroll of remove curse {unknown}
 p - a scroll of identify {unknown}
 q - a scroll of recharging {unknown}
Potions
 g - 2 potions of heal wounds {unknown}
 h - 2 potions of curing {unknown}
 k - a potion of cure mutation {unknown}
 l - 2 potions of mutation {unknown}
 n - a potion of magic {unknown}
 s - a potion of berserk rage {unknown}
Books
 c - a book of Minor Magic

   Spells                             Type                      Level
   a - Magic Dart                     Conjuration                  1
   b - Blink                          Translocation                2
   c - Call Imp                       Summoning                    2
   d - Repel Missiles                 Charms/Air                   2
   e - Slow                           Hexes                        2
   f - Conjure Flame                  Conjuration/Fire             3
   g - Mephitic Cloud                 Conjuration/Poison/Air       3
Comestibles
 d - a bread ration
 i - 2 meat rations
 r - 2 chunks of flesh


   Skills:
 + Level 3.2 Dodging
 + Level 3.4 Stealth
 + Level 5.6 Spellcasting
 + Level 2.3 Conjurations
 + Level 1.2 Summonings
 - Level 1.1 Translocations
 + Level 0.2 Fire Magic
 + Level 1.2 Poison Magic


You had one spell level left.
You knew the following spells:

 Your Spells              Type           Power        Failure   Level  Hunger
a - Magic Dart            Conj           ###.         3%          1    None
b - Call Imp              Summ           ##......     10%         2    None
c - Blink                 Tloc           N/A          10%         2    None
d - Repel Missiles        Chrm/Air       #.....       14%         2    None
e - Mephitic Cloud        Conj/Pois/Air  ##......     17%         3    #......
f - Conjure Flame         Conj/Fire      ##......     17%         3    #......


Dungeon Overview and Level Annotations

Branches:
Dungeon (3/15)

Altars:

Annotations:
D:3 Jessica


Message History

* * * LOW HITPOINT WARNING * * *
Casting: Magic Dart
Confirm with . or Enter, or press ? or * to list all spells.
Aiming: Magic Dart
Press: ? - help, Shift-Dir - straight line, f/p - orc priest
Aim: an orc priest, wearing a leather armour (severely wounded)
The magic dart hits the orc priest.
The orc priest is severely wounded.
You barely miss the orc priest.
The orc priest is severely wounded.
The orc priest hits you.
* * * LOW HITPOINT WARNING * * *
You are too injured to fight recklessly!
You are too injured to fight recklessly!
You are too injured to fight recklessly!
You closely miss the orc priest.
The orc priest is severely wounded.
The orc priest calls down the wrath of Beogh upon you.
Pain shoots through your body!
You die...

....# #.# #..# #.## ###.# #.#
#.## #.# #.# #.# #.# #.# #.#
#.## #.# #.# #.# ###..#### #.#
#.# #.# #.......# #.# ##### #.#
#.......# ###########...
#.#####.......####..##...###...
#.............@....##....###...
#######>.....o######.o#o.##....
#.......# #..##..#...#.
#.......#####..###..†.###
####........#.)###....###
########.#..####...###
#)...########## #...## #..##


You could see an orc priest.

Vanquished Creatures
  A gnoll (D:1)
  4 adders (D:2)
  3 oozes
  3 dart slugs
  2 giant geckos (D:1)
  3 orcs (D:2)
  4 bats
  2 giant cockroaches
  5 goblins
  5 hobgoblins
  4 kobolds
  3 quokkas (D:2)
  4 ball pythons (D:1)
  8 rats
51 creatures vanquished.

Vanquished Creatures (collateral kills)
  A worm (D:2)
1 creature vanquished.

Grand Total: 52 creatures vanquished

Notes
Turn   | Place    | Note
--------------------------------------------------------------
     0 | D:1      | Mefis the Deep Elf Wizard began the quest for the Orb.
     0 | D:1      | Reached XP level 1. HP: 10/10 MP: 7/7
   130 | D:1      | Reached XP level 2. HP: 15/15 MP: 5/9
   148 | D:1      | Reached skill level 5 in Spellcasting
   441 | D:1      | Reached XP level 3. HP: 19/19 MP: 4/11
   505 | D:1      | Learned a level 2 spell: Call Imp
   508 | D:1      | Learned a level 2 spell: Blink
   511 | D:1      | Learned a level 2 spell: Repel Missiles
   515 | D:1      | Learned a level 3 spell: Mephitic Cloud
   997 | D:2      | Reached XP level 4. HP: 23/24 MP: 7/13
  1693 | D:2      | Reached skill level 1 in Poison Magic
  2186 | D:3      | Noticed Jessica
  2195 | D:2      | Learned a level 3 spell: Conjure Flame
  2320 | D:2      | Killed from afar by an orc priest

Skill      XL: |  1  2  3  4 |
---------------+-------------+-----
Spellcasting   | 5 |  5.6
Stealth        | 3 |  3.4
Dodging        | 3 |  3.2
Conjurations   | 2 |  2.3
Poison Magic   | 1 |  1.2
Summonings     | |  1.2
Translocations | |  1.1
Fire Magic     | |  0.2

Action                   |  1- 3 |  4- 6 || total
-------------------------+-------+-------++-------
Melee: Unarmed           |    13 |       ||    13
       Dagger            |     3 |     9 ||    12
 Cast: Magic Dart        |    76 |    64 ||   140
       Repel Missiles    |     1 |       ||     1
       Call Imp          |       |     3 ||     3
       Mephitic Cloud    |       |     1 ||     1
 Stab: Sleeping          |     1 |     2 ||     3
  Eat: Chunk             |       |     4 ||     4
Armor: Robe              |     1 |     2 ||     3
Dodge: Dodged            |    17 |    14 ||    31
